 Dungeon Crawl Stone Soup version 0.21-a0-440-g28109cb (webtiles) character file.

164 slep the Shield-Bearer (level 5, 0/46 HPs)
             Began as a Minotaur Fighter on Nov 11, 2017.
             Killed by nerve-wracking pain
             ... invoked by an orc priest
              (13 damage)
             ... on level 3 of the Dungeon.
             The game lasted 00:09:07 (1428 turns).

slep the Shield-Bearer (Minotaur Fighter)           Turns: 1428, Time: 00:09:08

Health: 0/46       AC:  7    Str: 21    XL:     5   Next: 21%
Magic:  4/4        EV:  8    Int:  5    God:
Gold:   111        SH: 10    Dex: 10    Spells: 4/4 levels left

rFire    . . .     SeeInvis .   a - +0 long sword
rCold    . . .     Gourm    .   c - +0 shield
rNeg     . . .     Faith    .   b - +0 scale mail
rPois    .         Spirit   .   (helmet restricted)
rElec    .         Reflect  .   (no cloak)
rCorr    .         Harm     .   (no gloves)
MR       .....                  (no boots)
Stlth    ..........             (no amulet)
HPRegen  0.15/turn              (no ring)
MPRegen  0.09/turn              (no ring)

@: no status effects
A: retaliatory headbutt, horns 2
a: no special abilities


You were on level 3 of the Dungeon.
You were not hungry.

You visited 1 branch of the dungeon, and saw 3 of its levels.

You collected 111 gold pieces.

Inventory:

Hand Weapons
 a - a +0 long sword (weapon)
 e - a +2 dagger of flaming
 k - a +1 dagger of venom
Missiles
 q - 3 tomahawks (quivered)
Armour
 b - a +0 scale mail (worn)
 c - a +0 shield (worn)
Scrolls
 h - 4 scrolls of identify {unknown}
 p - a scroll of remove curse {unknown}
Potions
 d - a potion of might
 i - 2 potions of heal wounds {unknown}
 j - 2 potions of mutation {unknown}
 l - a potion of invisibility {unknown}
 m - a potion of magic {unknown}
 o - a potion of curing {unknown}
Comestibles
 f - 2 bread rations
 g - 2 meat rations
 n - a chunk of flesh


   Skills:
 + Level 4.1 Fighting
 + Level 4.0 Long Blades
 + Level 4.6 Armour
 + Level 1.1 Dodging
 + Level 5.0 Shields


You had 4 spell levels left.
You didn't know any spells.

Dungeon Overview and Level Annotations

Branches:
Dungeon (3/15)

Altars:
Ashenzari
Yredelemnul


Innate Abilities, Weirdness & Mutations

You reflexively headbutt those who attack you in melee.
You have a pair of horns on your head.


Message History

The orc is lightly wounded.
You block the orc's attack.
You hit the orc.
The orc is severely wounded.
You block the orc's attack.
The orc priest calls upon Beogh to heal the orc.
The orc's wounds heal themselves!
You hit the orc.
The orc is almost dead.
The orc completely misses you. You furiously retaliate!
You headbutt the orc!
You kill the orc!
The orc hits you with a hand axe.
* * * LOW HITPOINT WARNING * * *
Things that are here:
a flail; an orc corpse You slash the orc!
You kill the orc!
The orc priest mumbles some strange prayers to Beogh against you.
Pain shoots through your body!
You die...

......... .......
..... ...# ...
#...# # ## #)#
....##.....#..#.##
...............)o#
...............#)#
..#............#@#
...............#.#
.##.....#.#....#.#
......# #.#....#.#
..).#)###.#....#.#
###.#..##.#....#.#
# #>##.##.######.#
# #...........##.#
# #...........##.#


You could see an orc priest.

Vanquished Creatures
  Robin (D:2)
  3 adders (D:2)
  2 oozes (D:1)
  4 worms (D:2)
  3 leopard geckos
  12 orcs
  4 bats
  6 giant cockroaches
  18 goblins
  11 hobgoblins
  3 quokkas
  5 frilled lizards
  7 kobolds
  7 rats
86 creatures vanquished.

Notes
Turn   | Place    | Note
-------+----------+-------------------------------------------
     0 | D:1      | slep the Minotaur Fighter began the quest for the Orb.
     0 | D:1      | Reached XP level 1. HP: 19/19 MP: 0/0
   129 | D:1      | Reached XP level 2. HP: 25/27 MP: 1/1
   157 | D:1      | Reached skill level 4 in Shields
   344 | D:1      | Reached XP level 3. HP: 30/33 MP: 2/2
   439 | D:2      | Found a shattered altar of Ashenzari.
   567 | D:2      | Noticed Robin
   866 | D:2      | Killed Robin
   866 | D:2      | Reached XP level 4. HP: 33/40 MP: 3/3
   946 | D:2      | Found a basalt altar of Yredelemnul.
  1275 | D:2      | Reached skill level 1 in Dodging
  1330 | D:3      | Reached XP level 5. HP: 40/46 MP: 4/4
  1332 | D:3      | Reached skill level 5 in Shields
  1428 | D:3      | Killed from afar by an orc priest

Vault maps used:
D:1:      dpeg_arrival_lava_temple_mockup
D:2:      overflow_temple_1_default, lemuel_crystal_altar, first_bread,
          uniq_robin
D:3:      nicolae_overflow_hidden_temple, old_standard_altar,
          makhleb_grotto_becter, chequers_ecumenical_altar_island, minivault_19

Skill      XL: |  1  2  3  4  5 |
---------------+----------------+-----
Shields        | 4 5 |  5.0
Armour         | 4 |  4.6
Fighting       | 4 |  4.1
Long Blades    | 3 4 |  4.0
Dodging        | 1 |  1.1

Action                   |  1- 3 |  4- 6 || total
-------------------------+-------+-------++-------
Melee: Long sword        |   115 |   102 ||   217
       Headbutt          |    19 |    24 ||    43
  Use: Potion            |     1 |       ||     1
  Eat: Chunk             |       |     2 ||     2
Armor: Scale mail        |    55 |    35 ||    90
Dodge: Dodged            |    37 |    30 ||    67
Block: Shield            |    61 |    64 ||   125
       Rpst.: Long sword |    11 |     7 ||    18

Table legend:
 A = Spawn XP
 B = Non-spawn XP
 C = Spawn XP percentage of total XP
 D = Spawn monster count
 E = Non-spawn monster count
 F = Spawn count percentage of total count
 G = Total turns spent on level
                    A         B        C        D         E        F      G
               +---------+---------+-------+---------+---------+-------+---------
         Total |       0 |     235 |   0.0 |       0 |      86 |   0.0 |  1428
               +---------+---------+-------+---------+---------+-------+---------
           D:1 |       0 |      55 |   0.0 |       0 |      27 |   0.0 |   689
           D:2 |       0 |     123 |   0.0 |       0 |      36 |   0.0 |   587
           D:3 |       0 |      57 |   0.0 |       0 |      23 |   0.0 |   152
               +---------+---------+-------+---------+---------+-------+---------
